Map: 凯罗斯中转站-天梯版

Players

Sioras

  • Race: Zerg Zerg

Elazer - Winner!

  • Race: Zerg Zerg

Event: WESG 2018 Grand Finals

VOD

Have the link to the VOD?

Description

Time

  • Played on: March 11, 2019, 4:11 a.m.
  • Length: 10:13

All games in this series

Show
View Real Time Build Order
Export as new Build Order

Sioras Zerg 

Build Orders: Pool First 

Get SALT Encoding   

  12  0:00  Drone  
  13  0:07  Drone  
  14  0:16  Overlord  
  14  0:22  Extractor  
  14  0:23  Drone  
  15  0:34  Drone x2  
  17  0:43  Spawning Pool  
  17  0:47  Drone  
  17  0:53  Extractor  
  17  0:55  Drone  
  17  1:13  Hatchery  
  17  1:16  Drone  
  17  1:20  Drone  
  18  1:29  Queen  
  20  1:34  Zergling x2  
  21  1:40  Overlord  
  21  1:48  Drone  
  22  1:59  Drone  
  23  2:05  Queen  
  25  2:11  Drone  
  26  2:21  Drone  
  27  2:24  Queen  
  27  2:25  Drone  
  30  2:32  Drone  
  30  2:35  Drone  
  32  2:37  Overlord  
  32  2:38  Drone  
  32  2:39  Drone  
  34  2:45  Drone  
  34  2:47  Drone  
  36  2:57  Drone  
  37  2:59  Lair  
  37  3:00  Drone  
  37  3:04  Evolution Chamber  
  37  3:06  Drone  
  37  3:07  Roach Warren  
  37  3:09  Drone  
  38  3:16  Drone x3  
  38  3:18  Drone  
  38  3:19  Drone  
  43  3:22  Extractor  
  42  3:30  Overlord, Zerg Missile Weapons Level 1  
  42  3:31  Drone  
  42  3:32  Drone  
  44  3:38  Overlord  
  44  3:49  Roach x2  
  44  3:50  Roach x2  
  52  3:56  Glial Reconstitution  
  52  3:57  Roach  
  52  3:58  Roach  
  56  4:03  Roach  
  56  4:05  Overlord  
  58  4:12  Hatchery  
  58  4:15  Roach  
  59  4:19  Overlord  
  59  4:21  Drone  
  59  4:23  Drone  
  61  4:25  Drone  
  61  4:26  Drone, Extractor  
  61  4:28  Roach  
  61  4:30  Roach  
  66  4:32  Roach  
  66  4:36  Overlord  
  68  4:39  Roach  
  68  4:43  Roach  
  72  4:47  Overlord  
  72  4:48  Roach  
  76  4:52  Roach  
  76  4:54  Overlord  
  76  4:55  Drone  
  76  4:58  Drone  
  78  5:06  Drone x3  
  81  5:12  Drone x3  
  81  5:13  Drone  
  85  5:20  Drone  
  85  5:24  Zerg Missile Weapons Level 2  
  85  5:26  Roach x2  
  85  5:28  Extractor  
  88  5:30  Roach  
  92  5:35  Roach  
  92  5:36  Roach  
  92  5:39  Roach x3  
  92  5:42  Overlord  
  100  5:44  Overlord  
  100  5:51  Roach x3  
  106  5:58  Overlord x2  
  106  6:02  Roach x3  
  112  6:04  Overseer  
  112  6:08  Overlord  
  112  6:10  Roach x2  
  116  6:17  Roach x3  
  122  6:23  Roach  
  122  6:24  Roach x2  
  128  6:31  Roach  
  128  6:32  Roach x2  
  134  6:34  Overlord  
  132  6:40  Roach  
  132  6:41  Roach x2  
  132  6:46  Roach  
  132  6:47  Roach x2  
  144  6:51  Overlord  
  144  6:56  Overlord  
  144  6:57  Roach x2  
  148  7:02  Roach x2  
  148  7:05  Roach  
  154  7:13  Overlord x2  
  154  7:19  Roach x4  
  162  7:28  Roach x5  
  156  7:35  Roach  
  156  7:36  Roach x3  
  132  7:46  Roach x5  
  140  7:52  Ravager  
  140  7:56  Ravager  
  140  7:58  Drone x7  
  144  8:03  Queen  
  151  8:10  Drone x2  
  151  8:12  Roach x2  
  157  8:24  Roach x4  
  165  8:34  Overseer  
  165  8:36  Roach x3  
  169  8:44  Queen  
  169  8:47  Overlord x3  
  171  8:53  Extractor  
  171  8:54  Roach x4  
  178  9:12  Pneumatized Carapace  
  178  9:28  Roach x8  
  190  9:37  Roach x4  
  190  9:38  Roach x2  
  162  9:42  Roach x2  
  131  9:47  Roach  
  131  9:48  Roach x5  
  113  9:53  Roach x2  
  113  9:54  Roach  
Show
View Real Time Build Order
Export as new Build Order

Elazer Zerg - Winner!

Build Orders: Hatch First 

Get SALT Encoding   

  12  0:00  Drone  
  13  0:12  Overlord  
  13  0:16  Drone  
  14  0:30  Drone x2  
  16  0:48  Hatchery  
  15  0:50  Drone  
  15  0:54  Drone  
  17  0:57  Drone  
  18  1:07  Extractor  
  17  1:12  Spawning Pool  
  17  1:15  Drone  
  17  1:19  Drone  
  18  1:27  Drone  
  19  1:38  Drone  
  20  1:49  Drone  
  21  1:59  Overlord, Queen x2  
  21  2:00  Zergling x2  
  26  2:11  Drone x2  
  28  2:21  Drone x2  
  30  2:32  Drone x2  
  30  2:35  Queen  
  34  2:42  Overlord  
  34  2:43  Drone  
  35  2:47  Evolution Chamber  
  33  2:54  Drone x2  
  35  3:02  Lair  
  35  3:03  Roach Warren  
  35  3:04  Drone  
  35  3:06  Zergling x2  
  35  3:07  Drone x4  
  35  3:10  Drone  
  41  3:14  Zerg Missile Weapons Level 1  
  41  3:19  Overlord  
  41  3:21  Drone  
  41  3:22  Extractor  
  41  3:23  Drone  
  42  3:28  Drone x2  
  42  3:31  Extractor  
  43  3:38  Overlord  
  43  3:40  Drone x4  
  47  3:44  Drone  
  47  3:45  Drone  
  47  3:46  Roach  
  51  3:52  Overlord  
  51  3:57  Roach  
  51  4:00  Glial Reconstitution  
  53  4:03  Roach x2  
  56  4:12  Roach x3  
  62  4:18  Roach x2  
  66  4:24  Hatchery  
  66  4:28  Overlord  
  66  4:29  Drone  
  66  4:31  Roach  
  66  4:36  Overlord  
  68  4:44  Overlord, Overseer  
  68  4:47  Roach x3  
  68  4:51  Roach  
  76  4:53  Overlord  
  76  4:55  Roach  
  76  4:59  Roach x2  
  82  5:02  Roach  
  82  5:06  Roach  
  86  5:10  Roach x2  
  90  5:14  Overlord  
  90  5:18  Zerg Ground Armor Level 1  
  90  5:19  Drone  
  90  5:20  Drone  
  92  5:23  Drone x2  
  92  5:27  Overlord  
  94  5:29  Roach  
  96  5:37  Drone x4  
  96  5:39  Extractor  
  96  5:42  Roach  
  101  5:49  Drone x2  
  103  5:51  Drone  
  103  5:54  Overseer  
  103  5:55  Overlord  
  103  5:57  Roach x4  
  112  5:59  Roach  
  112  6:03  Roach  
  116  6:05  Overlord  
  116  6:06  Roach  
  118  6:12  Roach  
  118  6:13  Roach  
  118  6:16  Roach x2  
  126  6:20  Overlord  
  126  6:22  Roach x2  
  130  6:26  Roach x2  
  130  6:29  Roach  
  130  6:30  Overlord  
  136  6:38  Roach  
  136  6:39  Overlord  
  138  6:41  Roach x3  
  138  6:42  Ravager  
  138  6:46  Drone  
  146  6:51  Ravager x2  
  146  6:52  Ravager, Drone x5  
  154  6:55  Overlord  
  154  6:56  Extractor  
  154  6:58  Overlord  
  153  7:11  Overlord, Drone x3  
  153  7:12  Roach  
  153  7:13  Roach x2  
  153  7:15  Ravager x2  
  164  7:21  Drone  
  164  7:22  Drone  
  148  7:34  Zerg Missile Weapons Level 2  
  130  7:39  Roach x5  
  120  7:47  Roach x4  
  120  7:50  Roach  
  130  7:56  Overlord  
  130  7:57  Extractor  
  130  7:58  Roach x4  
  137  8:02  Roach x2, Hatchery  
  140  8:07  Roach x2  
  140  8:09  Roach x2  
  140  8:11  Roach  
  150  8:14  Overlord  
  150  8:17  Roach x2  
  152  8:22  Overlord  
  152  8:23  Roach  
  160  8:36  Roach x7  
  174  8:44  Roach x3  
  180  8:52  Roach x6  
  180  8:53  Roach x2  
  180  8:55  Ravager  
  191  8:56  Ravager  
  192  9:06  Roach x4  
  200  9:33  Roach x2  
  178  9:45  Roach x18  
  193  9:47  Overlord, Drone  
Tags
 
Add a new tag
Caveats
  • Supply blocks, unpowered buildings, or Contaminate may cause inaccurate times.
  • Supply counts are checked every 10 seconds.